 Dungeon Crawl Stone Soup version 0.21.0-3-g78d12a8bdd (webtiles) character file.

86 Esekla the Conjurer (level 4, 0/32 HPs)
             Began as a Formicid Conjurer on Jan 16, 2018.
             Succumbed to an adder's poison
             ... on level 4 of the Dungeon.
             The game lasted 00:20:08 (1593 turns).

Esekla the Conjurer (Formicid Conjurer)             Turns: 1593, Time: 00:20:08

Health: 0/32       AC:  2    Str: 13    XL:     4   Next: 77%
Magic:  7/7        EV: 12    Int: 20    God:
Gold:   90         SH:  0    Dex: 11    Spells: 1/7 levels left

rFire    . . .     SeeInvis +   d - +0 dagger
rCold    . . .     Gourm    .   (no shield)
rNeg     . . .     Faith    .   a - +0 robe
rPois    .         Spirit   .   (helmet unavailable)
rElec    .         Reflect  .   (no cloak)
rCorr    .         Harm     .   (no gloves)
MR       .....                  (no boots)
Stlth    ++........             (no amulet)
HPRegen  0.10/turn              (no ring)
MPRegen  0.10/turn              (no ring)

@: brilliant, lethally poisoned (0 -> -2)
A: permanent stasis, dig shafts and tunnels, four strong arms, antennae 3
a: Dig, Shaft Self


You were on level 4 of the Dungeon.
You were not hungry.

You visited 1 branch of the dungeon, and saw 4 of its levels.

You collected 90 gold pieces.

Inventory:

Hand Weapons
 d - a +0 dagger (weapon)
Armour
 a - a +0 robe (worn)
Scrolls
 e - 3 scrolls of remove curse
 f - a scroll of enchant armour {unknown}
 h - 2 scrolls of identify
 i - a scroll of amnesia {unknown}
 k - 2 scrolls of teleportation {unknown}
 m - a scroll of noise {unknown}
Books
 b - a book of Conjurations

   Spells                             Type                      Level
   a - Magic Dart                     Conjuration                  1
   b - Searing Ray                    Conjuration                  2
   c - Dazzling Spray                 Conjuration/Hexes            3
   d - Fulminant Prism                Conjuration/Hexes            4
   e - Force Lance                    Conjuration/Translocation    4
   f - Iskenderun's Mystic Blast      Conjuration                  4
Comestibles
 c - a ration


   Skills:
 * Level 1.2 Fighting
 * Level 1.4 Short Blades
 + Level 2.5 Dodging
 - Level 3.1 Stealth
 + Level 2.3 Spellcasting
 + Level 4.1 Conjurations
 * Level 0.2 Hexes


You had one spell level left.
You knew the following spells:

 Your Spells              Type           Power        Failure   Level  Hunger
a - Magic Dart            Conj           ####         1%          1    #......
b - Searing Ray           Conj           ####..       1%          2    ##.....
c - Dazzling Spray        Conj/Hex       ###...       2%          3    ###....


Dungeon Overview and Level Annotations

Branches:
Dungeon (4/15)
 Temple: D:4-7

Altars:
Okawaru
Zin


Innate Abilities, Weirdness & Mutations

You cannot be hasted, slowed, berserked, paralysed or teleported.
You can dig through walls and to a lower floor.
Your four strong arms can wield two-handed weapons with a shield.
You have a pair of large antennae on your head. (SInv)


Message History

You eat one of the 2 rations.
That ration really hit the spot!
As you read the scroll labeled OSSYFA FOGGUTA, it crumbles to dust.
It is a scroll of identify.
e - 3 scrolls of remove curse
* * * LOW HITPOINT WARNING * * *
You feel sick.
Okay, then.
Are you sure you want to shaft yourself?
You feel quite a bit more hungry.
You begin to dig a shaft.
You continue digging a shaft.
A shaft appears beneath you!
You fall through a shaft!
The shaft crumbles and collapses.
A bat comes into view.
* * * LOW HITPOINT WARNING * * *
You feel sick.
The quokka appears out of thin air!
Found 9 gold pieces.
Found a stone staircase leading down.
There is a stone staircase leading down here.
You climb downwards.
You die...

#..#
#..#
#..#
..#
..#
#.#
#.#
#@#
#...#
#.###
#. #


There were no monsters in sight!

Vanquished Creatures
  3 adders
  An ooze (D:2)
  2 dart slugs (D:3)
  4 leopard geckos
  2 orcs (D:3)
  A giant cockroach (D:1)
  4 goblins
  2 hobgoblins
  3 jackals (D:1)
  A quokka (D:2)
  A ball python (D:1)
  9 bats
  5 kobolds
  9 rats
47 creatures vanquished.

Notes
Turn   | Place    | Note
-------+----------+-------------------------------------------
     0 | D:1      | Esekla the Formicid Conjurer began the quest for the Orb.
     0 | D:1      | Reached XP level 1. HP: 13/13 MP: 3/3
   413 | D:1      | Reached XP level 2. HP: 19/19 MP: 3/5
   418 | D:1      | Learned a level 2 spell: Searing Ray
   732 | D:2      | Reached skill level 1 in Short Blades
   732 | D:2      | Reached XP level 3. HP: 25/25 MP: 6/6
   792 | D:2      | Reached skill level 4 in Conjurations
  1393 | D:3      | Reached XP level 4. HP: 30/31 MP: 4/7
  1398 | D:3      | Learned a level 3 spell: Dazzling Spray
  1463 | D:3      | Reached skill level 1 in Fighting
  1490 | D:3      | Found an iron altar of Okawaru.
  1490 | D:3      | Found a glowing silver altar of Zin.
  1586 | D:2      | HP: 1/32 [poisoned by an adder]
  1589 | D:2      | You fall through a shaft!
  1593 | D:4      | Succumbed to an adder's poison

Skill      XL: |  1  2  3  4 |
---------------+-------------+-----
Dodging        | 2 |  2.5
Short Blades   | 1 |  1.4
Conjurations   | 4 |  4.1
Stealth        | 3 |  3.1
Fighting       | 1 |  1.2
Spellcasting   | |  2.3
Hexes          | |  0.2

Action                   |  1- 3 |  4- 6 || total
-------------------------+-------+-------++-------
Melee: Unarmed           |    22 |       ||    22
       Dagger            |   117 |    41 ||   158
 Cast: Magic Dart        |    17 |     2 ||    19
       Searing Ray       |     5 |     2 ||     7
       Dazzling Spray    |       |     3 ||     3
 Abil: Shaft Self        |       |     1 ||     1
  Use: Potion            |       |     3 ||     3
       Scroll            |       |     1 ||     1
 Stab: Sleeping          |     4 |       ||     4
       Invisible         |       |     1 ||     1
  Eat: Ration            |     1 |     1 ||     2
Armor: Robe              |    36 |    14 ||    50
Dodge: Dodged            |   111 |    29 ||   140
